Map: Proxima Station LE

Players

PiLiPiLi

  • Race: Protoss Protoss
  • Spawn Location: 1:00

Cham - Winner!

  • Race: Zerg Zerg
  • Spawn Location: 7:00

Event: WCS Austin 2017

VOD

Have the link to the VOD?

Description

Time

  • Played on: April 28, 2017, 8:50 p.m.
  • Length: 5:27

All games in this series

Show
View Real Time Build Order
Export as new Build Order

PiLiPiLi Protoss 

Build Orders: Oracle Opening 

Get SALT Encoding   

  12  0:01  Probe (Chrono Boost)  
  13  0:11  Probe (Chrono Boost)  
  14  0:18  Pylon  
  14  0:24  Probe (Chrono Boost)  
  15  0:37  Probe (Chrono Boost)  
  15  0:41  Pylon  
  16  0:47  Probe (Chrono Boost)  
  17  1:06  Nexus  
  17  1:16  Gateway  
  17  1:18  Probe (Chrono Boost)  
  18  1:24  Assimilator  
  18  1:29  Probe (Chrono Boost)  
  18  1:31  Assimilator  
  20  1:40  Probe (Chrono Boost)  
  20  1:50  Probe (Chrono Boost)  
  21  2:01  Probe (Chrono Boost)  
  22  2:03  Cybernetics Core  
  22  2:05  Pylon  
  22  2:11  Probe (Chrono Boost)  
  23  2:18  Probe (Chrono Boost)  
  23  2:22  Probe (Chrono Boost)  
  25  2:23  Zealot  
  25  2:28  Probe (Chrono Boost)  
  28  2:32  Probe (Chrono Boost)  
  29  2:39  Probe (Chrono Boost)  
  29  2:43  Probe (Chrono Boost)  
  31  2:46  Warp Gate  
  31  2:50  Probe (Chrono Boost)  
  32  2:54  Probe (Chrono Boost)  
  32  2:55  Stargate  
  32  3:02  Mothership Core (Chrono Boost), Adept  
  35  3:06  Probe (Chrono Boost)  
  37  3:17  Pylon  
  37  3:19  Probe (Chrono Boost)  
  38  3:22  Probe (Chrono Boost)  
  39  3:28  Adept  
  39  3:31  Probe (Chrono Boost)  
  39  3:33  Probe (Chrono Boost), Pylon  
  39  3:34  Oracle  
  47  3:43  Probe (Chrono Boost)  
  47  3:44  Probe (Chrono Boost)  
  47  3:46  Pylon  
  48  3:51  Gateway  
  48  3:52  Gateway  
  48  3:55  Probe (Chrono Boost)  
  50  3:56  Probe (Chrono Boost)  
  50  4:04  Void Ray  
  50  4:07  Probe x2 (Chrono Boost)  
  54  4:23  Adept  
  56  4:26  Gateway  
  56  4:32  Pylon x2  
  56  4:34  Pylon  
  56  4:36  Pylon  
  51  4:58  Adept x2  
  44  5:08  Zealot  
  46  5:17  Pylon  
  37  5:23  Zealot  
  37  5:24  Zealot  
Show
View Real Time Build Order
Export as new Build Order

Cham Zerg - Winner!

Build Orders: Hatch First, Roach Nydus 

Get SALT Encoding   

  12  0:01  Drone  
  13  0:07  Drone  
  14  0:16  Overlord  
  14  0:44  Drone  
  14  0:48  Drone  
  16  0:50  Hatchery  
  16  0:54  Drone  
  16  0:58  Drone  
  17  1:04  Extractor  
  16  1:15  Spawning Pool  
  15  1:19  Drone  
  15  1:24  Drone  
  17  1:31  Drone  
  18  1:46  Drone  
  19  1:58  Overlord  
  19  2:02  Queen, Zergling x2  
  19  2:04  Queen  
  19  2:06  Drone  
  25  2:10  Drone  
  25  2:14  Drone  
  27  2:26  Drone  
  27  2:27  Drone  
  29  2:33  Drone  
  30  2:38  Drone, Lair  
  30  2:41  Extractor  
  31  2:47  Extractor  
  31  2:49  Roach Warren  
  29  2:51  Drone  
  29  2:52  Drone  
  29  2:54  Drone  
  29  2:56  Overlord  
  32  3:05  Drone, Queen  
  33  3:10  Drone  
  36  3:14  Overlord  
  36  3:24  Overlord  
  36  3:26  Drone x2  
  38  3:31  Roach x2  
  42  3:43  Nydus Network  
  42  3:44  Queen  
  42  3:48  Roach  
  45  3:49  Overlord  
  45  3:54  Roach  
  47  3:58  Queen  
  49  4:07  Zergling x4  
  51  4:16  Roach  
  52  4:20  Nydus Canal  
  54  4:24  Roach  
  54  4:27  Roach  
  54  4:28  Queen  
  54  4:30  Spore Crawler  
  57  4:31  Spore Crawler  
  57  4:34  Roach  
  58  4:41  Roach  
  60  4:50  Roach  
  60  4:53  Roach  
  56  5:07  Roach  
  56  5:08  Roach  
Tags
 
Add a new tag
Caveats
  • Supply blocks, unpowered buildings, or Contaminate may cause inaccurate times.
  • Supply counts are checked every 10 seconds.